 Dungeon Crawl Stone Soup version 0.29.1-4-g47bece8355 (webtiles) character file.

Game seed: 11499644083827230743

462 Haldmier the Ruffian (level 7, -7/56 HPs)
             Began as a Ghoul Brigand on Dec 3, 2022.
             Mangled by a gnoll
             ... wielding a +1 flail of protection
             ... led by a gnoll bouda
              (8 damage)
             ... on level 4 of the Dungeon on Dec 4, 2022.
             The game lasted 00:10:39 (3466 turns).

Haldmier the Ruffian (Ghoul Brigand)                Turns: 3466, Time: 00:10:40

Health: -7/56      AC:  6    Str: 17    XL:     7   Next: 7%
Magic:  6/6        EV: 10    Int:  6    God:
Gold:   192        SH:  0    Dex: 10    Spells: 6/6 levels left

rFire   . . .      SeeInvis .     - Unarmed
rCold   + . .      Faith    .   (no shield)
rNeg    + + +      Spirit   .   k - +0 ring mail
rPois   ∞          Reflect  .   (no helmet)
rElec   .          Harm     .   c - +0 cloak
rCorr   .          Rampage  .   (no gloves)
Will    .....                   (no boots)
Stlth   ++........              (no amulet)
HPRegen 0.00/turn               (no ring)
MPRegen 0.10/turn               (no ring)

@: inhibited regen
A: claws 1, cold resistance 1, negative energy resistance 3, inhibited
regeneration, torment resistance 2, devour on kill
a: no special abilities


You were on level 4 of the Dungeon.
You visited 1 branch of the dungeon, and saw 4 of its levels.

You collected 192 gold pieces.

Inventory:

Missiles
 d - 8 poisoned darts
 e - 3 curare-tipped darts (quivered)
 m - 27 stones
 q - 3 boomerangs
 s - 5 javelins
Armour
 c - a +0 cloak (worn)
 k - a +0 ring mail (worn)
 n - a +0 scale mail
Wands
 t - a wand of roots (9)
Scrolls
 h - a scroll of noise {unknown}
 l - a scroll of identify
 r - a scroll of teleportation {unknown}
 v - a scroll of fear {unknown}
Potions
 a - a potion of attraction {unknown}
 b - a potion of resistance {unknown}
 f - a potion of might {unknown}
 g - a potion of curing
 i - 2 potions of degeneration {unknown}
 j - 2 potions of haste {unknown}
 p - a potion of ambrosia {unknown}
 u - a potion of lignification {unknown}


   Skills:
 + Level 2.4 Fighting
 - Level 1.7 Short Blades
 + Level 1.9 Throwing
 + Level 0.4 Armour
 + Level 1.1 Dodging
 + Level 4.5 Stealth
 + Level 7.3 Unarmed Combat


You had 6 spell levels left.
You didn't know any spells.
Your spell library contained the following spells:

 Spells                   Type           Power      Damage    Failure   Level
 Apportation              Tloc           0%         N/A       67%         1
 Necrotise                Necr           0%         1d4       67%         1
 Summon Small Mammal      Summ           0%         N/A       67%         1


Dungeon Overview and Level Annotations

Branches:
Dungeon (4/15)
 Temple: D:4-7

Altars:

Shops:
D:2 :   D:3 :


Innate Abilities, Weirdness & Mutations

You are immune to poison.
You have sharp fingernails.
Your flesh is cold resistant. (rC+)
You are immune to negative energy. (rN+++)
You do not regenerate when monsters are visible.
You are immune to unholy pain and torment.
You thrive by killing the living.


Message History

The gnoll hits you with a +1 flail of protection!
You scratch the gnoll.
The gnoll is heavily wounded.
The gnoll hits you with a +0 club. The gnoll misses you.
You scratch the gnoll.
The gnoll is severely wounded.
The gnoll bouda gazes fiercely through you!
You feel your attacks grow feeble. The gnoll barely misses you.
The gnoll hits you with a +0 club. The gnoll hits you with a +0 flail!
The gnoll attacks as you move away! The gnoll barely misses you.
The gnoll attacks as you move away! The gnoll barely misses you.
The gnoll attacks as you move away! The gnoll misses you.
The gnoll attacks as you move away! The gnoll hits you with a +0 flail.
The gnoll hits you with a +1 flail of protection.
The gnoll hits you with a +0 flail! The gnoll attacks as you move away!
The gnoll hits you but does no damage. The gnoll attacks as you move away!
The gnoll hits you with a +0 club.
* * * LOW HITPOINT WARNING * * *
The gnoll attacks as you move away!
The gnoll hits you with a +1 flail of protection.
* * * LOW HITPOINT WARNING * * *
The gnoll hits you with a +0 club.
* * * LOW HITPOINT WARNING * * *
As you read the scroll labelled ZAECAAFETT, it crumbles to dust.
It is a scroll of identify.
g - 2 potions of curing The gnoll hits you with a +1 flail of protection.
* * * LOW HITPOINT WARNING * * *
The gnoll hits you but does no damage. x2; The gnoll closely misses you.
You feel better. The gnoll barely misses you. x2
The gnoll hits you with a +0 club.
* * * LOW HITPOINT WARNING * * *
As you read the scroll labelled FON AROR HIHE, it crumbles to dust.
It is a scroll of amnesia.
You feel forgetful for a moment.
Your attacks no longer feel as feeble.
The gnoll is no longer moving quickly.
The gnoll hits you with a +1 flail of protection!
You die...

..........$.........#
....................#
...........)........#
...........[........#
......?.............#
.........†..........#
..............g.....#
..............ggg...#
..............g@...##
...................#
...................#
..............)....#
................<.#
.................#
................#
..............##
.............#


You could see a gnoll bouda and 4 gnolls.

Vanquished Creatures
  Sigmund (D:3)
  Crazy Yiuf (D:3)
  An orc priest (D:2)
  An iguana (D:4)
  Jessica (D:3)
  Natasha (thrice) (D:2)
  An orc wizard (D:3)
  A gnoll (D:4)
  2 adders
  2 worms (D:3)
  2 dart slugs (D:1)
  3 orcs
  3 endoplasms
  3 giant cockroaches
  2 goblins
  7 hobgoblins
  6 kobolds
  3 quokkas
  8 ball pythons
  4 bats
  2 frilled lizards (D:3)
  8 rats
  A bush (D:3)
66 creatures vanquished.

Vanquished Creatures (others)
  4 plants (D:3)
4 creatures vanquished.

Grand Total: 70 creatures vanquished

Notes
Turn   | Place    | Note
-------+----------+-------------------------------------------
     0 | D:1      | Haldmier the Ghoul Brigand began the quest for the Orb.
     0 | D:1      | Reached XP level 1. HP: 17/17 MP: 0/0
   127 | D:1      | Reached skill level 1 in Unarmed Combat
   324 | D:1      | Reached XP level 2. HP: 16/24 MP: 1/1
   499 | D:1      | Reached skill level 2 in Unarmed Combat
   770 | D:1      | Found a faded altar of an unknown god.
  1394 | D:2      | Found Buwkyosch's Book Boutique.
  1421 | D:2      | Noticed Natasha
  1434 | D:2      | Noticed a crimson imp
  1435 | D:2      | Killed Natasha
  1436 | D:2      | Reached skill level 3 in Unarmed Combat
  1436 | D:2      | Reached XP level 3. HP: 29/29 MP: 2/2
  1612 | D:2      | Reached XP level 4. HP: 36/36 MP: 3/3
  1635 | D:2      | Noticed Natasha
  1641 | D:2      | Killed Natasha
  1642 | D:2      | Reached skill level 4 in Unarmed Combat
  1871 | D:2      | Noticed Natasha
  1883 | D:2      | Killed Natasha
  1884 | D:2      | Reached XP level 5. HP: 33/41 MP: 4/4
  1975 | D:3      | Reached skill level 5 in Unarmed Combat
  2274 | D:3      | Noticed Jessica
  2283 | D:3      | Killed Jessica
  2284 | D:3      | Reached skill level 6 in Unarmed Combat
  2367 | D:3      | Noticed Sigmund
  2453 | D:3      | Reached XP level 6. HP: 48/48 MP: 5/5
  2493 | D:3      | Killed Sigmund
  2494 | D:3      | Reached skill level 7 in Unarmed Combat
  2580 | D:3      | Found Zaoridwu's Book Emporium.
  2743 | D:3      | Found a runed translucent door.
  2744 | D:3      | Noticed Crazy Yiuf
  3296 | D:3      | Killed Crazy Yiuf
  3297 | D:3      | Reached skill level 1 in Dodging
  3449 | D:4      | Reached XP level 7. HP: 54/56 MP: 6/6
  3464 | D:4      | HP: 1/56 [gnoll/+1 flail of protection[a gnoll bouda] (2)]
  3466 | D:4      | Mangled by a gnoll

Illustrated notes

Levels and vault maps discovered:
D:1:      dpeg_arrival_lava_altar, layout_loops_ring,
          shapermc_ecumenical_altar_flowoftime,
          nicolae_concentric_dashed_squares_wild, minmay_stone_trees_small,
          minmay_tetromino_i4
D:2:      layout_rooms, serial_glass, glass_columns_a, glass_columns_a,
          serial_shops, shop_fountains, uniq_natasha
D:3:      layout_loops_ring, serial_forest, infiniplex_forest_straight_2,
          infiniplex_forest_clump_medium, infiniplex_forest_side_room,
          infiniplex_forest_end_3, infiniplex_forest_clump_small,
          infiniplex_forest_straight_3, serial_shops, nicolae_shop_statue_plus,
          grunt_ministairs_8, uniq_crazy_yiuf_cottage, uniq_jessica,
          uniq_sigmund
D:4:      layout_layer_cave

Skill      XL: |  1  2  3  4  5  6 |
---------------+-------------------+-----
Unarmed Combat | 1 3 4 6 7 |  7.3
Dodging        | 1 |  1.1
Fighting       | |  2.4
Short Blades   | |  1.7
Throwing       | |  1.9
Armour         | |  0.4
Stealth        | |  4.5

Action                   |  1- 3 |  4- 6 |  7- 9 || total
-------------------------+-------+-------+-------++-------
Melee: Dagger            |   105 |     3 |       ||   108
       Punch             |     1 |     5 |       ||     6
       Unarmed           |       |   145 |     5 ||   150
Throw: Dart              |     6 |    14 |       ||    20
       Stone             |       |     1 |       ||     1
       Boomerang         |       |     1 |       ||     1
  Use: Scroll            |       |       |     2 ||     2
       Potion            |       |       |     1 ||     1
 Stab: Sleeping          |     5 |     1 |       ||     6
Armor: Robe              |     4 |       |       ||     4
       Ring mail         |    29 |    19 |     4 ||    52
       Leather armour    |     6 |       |       ||     6
Dodge: Dodged            |    51 |    44 |    10 ||   105
